 Dungeon Crawl Stone Soup version 0.29-a0-284-gf9362112df (webtiles) character file.

Game seed: 8413806299480498436

817 being54 the Covered (level 7, -1/45 HPs)
             Began as a Gargoyle Fighter on Mar 21, 2022.
             Was a Follower of Okawaru.
             Slain by a wight
             ... wielding a +0 mace
              (2 damage)
             ... on level 6 of the Dungeon.
             The game lasted 00:10:04 (6019 turns).

being54 the Covered (Gargoyle Fighter)              Turns: 6019, Time: 00:10:04

Health: -1/45      AC: 21    Str: 21    XL:     7   Next: 94%
Magic:  7/7        EV:  6    Int:  9    God:    Okawaru [*.....]
Gold:   262        SH:  4    Dex:  9    Spells: 6/6 levels left

rFire   . . .      SeeInvis .   a - +0 flail
rCold   . . .      Faith    .   c - +0 buckler
rNeg    + + .      Spirit   .   t - +0 plate armour
rPois   ∞          Reflect  .   s - +0 helmet
rElec   +          Harm     .   e - +0 cloak
rCorr   .          Rampage  .   (no gloves)
Will    .....                   j - +0 pair of boots
Stlth   ..........              o - amulet of the acrobat
HPRegen 0.15/turn               k - ring of positive energy
MPRegen 0.10/turn               (no ring)

@: no status effects
A: sickness immunity, AC +4, negative energy resistance 1, electricity
resistance, torment resistance 1, petrification resistance
a: Renounce Religion, Heroism


You were on level 6 of the Dungeon.
You worshipped Okawaru.
Okawaru was aware of your devotion.
You visited 2 branches of the dungeon, and saw 7 of its levels.

You collected 262 gold pieces.

Inventory:

Hand Weapons
 a - a +0 flail (weapon)
Armour
 c - a +0 buckler (worn)
 e - a +0 cloak (worn)
 j - a +0 pair of boots (worn)
 s - a +0 helmet (worn)
 t - a +0 plate armour (worn)
Jewellery
 h - an amulet of magic regeneration
 k - a ring of positive energy (left hand)
 o - an amulet of the acrobat (around neck)
 q - a ring of wizardry
Wands
 g - a wand of iceblast (6)
Scrolls
 m - a scroll of fear
Potions
 b - a potion of invisibility {unknown}
 d - 2 potions of might
 i - 4 potions of flight
 l - 2 potions of lignification
 n - 2 potions of attraction
 p - a potion of cancellation
 r - 5 potions of curing


   Skills:
 * Level 5.9 Fighting
 + Level 4.0 Maces & Flails
 * Level 6.0 Armour
 + Level 4.9 Shields
 + Level 2.3 Evocations


You had 6 spell levels left.
You didn't know any spells.
Your spell library contained the following spells:

 Spells                   Type           Power      Damage    Failure   Level
 Magic Dart               Conj           0%         1d3       100%        1
 Mephitic Cloud           Conj/Pois/Air  0%         N/A       100%        3
 Call Imp                 Summ           Unusable   N/A       N/A         2

Dungeon Overview and Level Annotations

Branches:
Dungeon (6/15)             Temple (1/1) D:5

Altars:
Ashenzari
Cheibriados
Dithmenos
Elyvilon
Fedhas
Hepliaklqana
Kikubaaqudgha
Makhleb
Nemelex Xobeh
Okawaru
Qazlal
Ru
Sif Muna
Trog
Uskayaw
Wu Jian
Xom
Yredelemnul
Zin
The Shining One

Shops:
D:4 ?


Innate Abilities, Weirdness & Mutations

You are immune to sickness and miasma.
Your stone body is resilient. (AC +4)
You are immune to poison.
You resist negative energy. (rN+)
You are resistant to electric shocks. (rElec)
You are resistant to unholy torment.
You are immune to petrification.


Message History

A wight is wielding a +5 mace and wearing a +1 robe of willpower.
You sock the wight!
The wight is heavily damaged.
You block the wight's attack.
The wight hits you with a +1 vorpal flail!
You barely miss the wight.
The wight is heavily damaged.
The wight closely misses you. The wight hits you but does no damage.
You sock the wight!
You destroy the wight!
Okawaru accepts your kill. The wight barely misses you.
Your Maces & Flails skill increases to level 4!
Your Armour skill increases to level 6!
You hit the wight.
The wight is moderately damaged.
The wight hits you with a +1 vorpal flail.
You block the wight's attack. The wight hits you but does no damage.
The wight closely misses you.
You completely miss the wight.
The wight is moderately damaged.
The wight completely misses you. The wight hits you but does no damage.
The wight barely misses you.
You barely miss the wight. You block the wight's attack. x2
The wight hits you but does no damage. x2
You closely miss the wight.
The wight hits you with a +0 long sword.
The wight hits you but does no damage. You block the wight's attack.
The wight hits you with a +0 mace.
You hit the wight but do no damage. The wight hits you but does no damage.
The wight hits you with a +5 mace.
The wight hits you but does no damage. x3
The wight hits you with a +1 vorpal flail!
* * * LOW HITPOINT WARNING * * *
x2 The wight hits you but does no damage. x2
You feel better.
The wight hits you with a +0 long sword!
* * * LOW HITPOINT WARNING * * *
The wight hits you but does no damage. You block the wight's attack.
The wight hits you with a +0 mace.
You die...

*,,,,,** ##.,,,,,** ***
##..,,,,,,* ****,**#....##,,**
*##**
***,,,,,*.....#.########..,***
*,,,,,,,*............#....,,,*
,,,,,,,,,.................,,,****
,,,,,,,,,......zz.........,,,**,,
,,,,,,,,,......z@.........,,,*,,,
,,,,,,,,,......z..........,,,,,,,
,,,,,,,,,.........<.......,,,,,,,
,*,,,,,,,.................,,,,,,,
,,,,,,,,,....#.....##.....,,,,,,,
,,,,,,,,,....##....#**.$..,,,,,,,
*,,,*,,*,...,*#....#,,,...,,,,**,
,,,,****,..,,*#.....,,,,..,,***,,
,,,** *,,,,,,.<....,,,,,.,,* ***


You could see 4 wights.

Vanquished Creatures
  Sigmund (D:5)
  A water moccasin (D:5)
  A centaur (D:5)
  A phantom (D:5)
  A scorpion (D:5)
  A wight (D:6)
  4 hounds
  7 adders
  2 worms
  2 dart slugs (D:1)
  3 orcs
  8 endoplasms
  A giant cockroach (D:3)
  6 goblins
  7 hobgoblins
  9 jackals
  12 kobolds
  5 quokkas
  7 ball pythons
  A bat (D:1)
  7 frilled lizards
  7 rats
  2 bushes (D:1)
96 creatures vanquished.

Vanquished Creatures (others)
  7 plants (D:1)
7 creatures vanquished.

Grand Total: 103 creatures vanquished

Notes
Turn   | Place    | Note
-------+----------+-------------------------------------------
     0 | D:1      | being54 the Gargoyle Fighter began the quest for the Orb.
     0 | D:1      | Reached XP level 1. HP: 14/14 MP: 1/1
   147 | D:1      | Reached XP level 2. HP: 9/19 MP: 2/2
   859 | D:1      | Reached XP level 3. HP: 20/23 MP: 3/3
  1258 | D:1      | Found a faded altar of an unknown god.
  1762 | D:2      | Found a white marble altar of Elyvilon.
  2310 | D:2      | Reached XP level 4. HP: 7/29 MP: 4/4
  2831 | D:2      | Reached skill level 4 in Armour
  3052 | D:3      | Found an iron altar of Okawaru.
  3062 | D:3      | Became a worshipper of Warmaster Okawaru
  3104 | D:3      | You fall into a shaft and drop 1 floor!
  3130 | D:4      | Found Wun Xut's Magic Scroll Shoppe.
  3410 | D:3      | Found a bloodstained altar of Trog.
  3964 | D:4      | Reached XP level 5. HP: 33/33 MP: 5/5
  4475 | D:4      | Found a sparkling altar of Nemelex Xobeh.
  4763 | D:5      | Entered Level 5 of the Dungeon
  4767 | D:5      | Noticed a centaur
  4782 | D:5      | Killed a centaur
  4783 | D:5      | Reached skill level 1 in Evocations
  4783 | D:5      | Reached XP level 6. HP: 33/39 MP: 6/6
  4906 | D:5      | Found a staircase to the Ecumenical Temple.
  4968 | Temple   | Entered the Ecumenical Temple
  5311 | D:5      | Reached * piety under Okawaru
  5312 | D:5      | Reached skill level 5 in Fighting
  5312 | D:5      | Reached skill level 5 in Armour
  5323 | D:5      | Noticed a water moccasin
  5324 | D:5      | Reached XP level 7. HP: 30/44 MP: 7/7
  5646 | D:5      | Noticed Sigmund
  5681 | D:5      | Killed Sigmund
  5929 | D:5      | Found a stormy altar of Qazlal.
  6014 | D:6      | Reached skill level 6 in Armour
  6019 | D:6      | HP: 1/45 [wight/+0 long sword (9)]
  6019 | D:6      | Slain by a wight

Illustrated notes

Levels and vault maps discovered:
D:1:      dpeg_arrival_rooms_c, layout_loops_ring,
          dreamdust_ecumenical_altar_angels_and_demons, lexackson_kobold_supper
D:2:      layout_loops_corners, basic_altar
D:3:      layout_loops_ring, okawaru_metal_pillars_1_2,
          overflow_temple_1_default
D:4:      layout_loops_corners, nemelex_spade_bored_becter, serial_shops, shop,
          minmay_misc_feat_five
D:5:      layout_rooms, mainiacjoe_overflow_chevrons,
          minmay_temple_entry_statues_fountains, uniq_sigmund
D:6:      layout_cave_pools, gup_sewer_entry_glass
Temple:   lightli_temple_of_artemis

Skill      XL: |  1  2  3  4  5  6  7 |
---------------+----------------------+-----
Fighting       | 4 5 |  5.9
Armour         | 4 5 6 |  6.0
Maces & Flails | 3 4 |  4.0
Shields        | 4 |  4.9
Evocations     | 1 2 |  2.3

Action                   |  1- 3 |  4- 6 |  7- 9 || total
-------------------------+-------+-------+-------++-------
Melee: Flail             |   313 |   231 |    65 ||   609
  Use: Scroll            |     4 |     8 |     3 ||    15
       Potion            |       |       |     1 ||     1
Armor: Scale mail        |   114 |   162 |    24 ||   300
       Plate armour      |       |       |    31 ||    31
Dodge: Dodged            |   101 |   119 |    29 ||   249
Block: Buckler           |    33 |    48 |    17 ||    98

Table legend: (Time is in decaauts)
 A = Elapsed time spent in this place.
 B = Non-inter-level travel time spent in this place.
 C = Inter-level travel time spent in this place.
 D = Time resting spent in this place.
 E = Time spent auto-exploring this place.
 F = Levels seen in this place.
 G = Mean time per level.
                   A        B        C        D        E       F      G
               +--------+--------+--------+--------+--------+-----+--------+
         Total |   6196 |   5914 |    282 |    979 |   3751 |   7 |  885.1 |
       Dungeon |   6013 |   5749 |    264 |    979 |   3592 |   6 | 1002.2 |
        Temple |    182 |    164 |     18 |      0 |    159 |   1 |  182.0 |
               +--------+--------+--------+--------+--------+-----+--------+

Top non-repeatable levels by time:
     D:1: 1848 daAuts
     D:2: 1260 daAuts
     D:5: 1100 daAuts
     D:4: 1006 daAuts
     D:3: 784 daAuts
  Temple: 182 daAuts
     D:6: 13 daAuts
